Map: Rupi ghiacciate

Players

LaWeedaLoca - Winner!

  • Race: Terran Terran
  • League: Master

IlBirraioOo - Winner!

  • Race: Zerg Zerg

Jhyrachy - Winner!

  • Race: Zerg Zerg
  • League: Gold

Corw

  • Race: Zerg Zerg
  • League: Master

AgentWhite

  • Race: Protoss Protoss

prolike

  • Race: Zerg Zerg
  • League: Bronze

VOD

Have the link to the VOD?

Description

Time

  • Played on: April 27, 2016, 5:46 p.m.
  • Length: 11:40
Show
View Real Time Build Order
Export as new Build Order

LaWeedaLoca Terran - Winner!

Build Orders: MMM Bio 

Get SALT Encoding   

  12  0:01  SCV  
  13  0:13  SCV  
  14  0:18  Supply Depot  
  14  0:25  SCV  
  15  0:40  SCV  
  15  0:41  Barracks  
  16  0:52  SCV  
  18  1:04  SCV  
  18  1:15  Command Center  
  18  1:19  SCV  
  19  1:28  Marine  
  20  1:33  Orbital Command  
  20  1:41  Supply Depot  
  20  1:46  Marine  
  21  1:58  Barracks  
  21  2:01  SCV  
  22  2:08  Marine  
  23  2:14  Barracks  
  23  2:20  SCV  
  24  2:30  Marine  
  24  2:32  SCV  
  24  2:33  Refinery  
  24  2:34  Refinery  
  26  2:37  Orbital Command  
  26  2:46  Marine  
  26  2:47  SCV  
  26  2:48  Marine  
  29  3:06  SCV  
  29  3:07  SCV  
  29  3:11  Barracks Tech Lab  
  31  3:13  Barracks Reactor  
  31  3:19  SCV  
  32  3:20  SCV  
  32  3:26  Barracks Reactor  
  33  3:31  SCV  
  33  3:32  SCV  
  35  3:34  Engineering Bay  
  35  3:35  Marine  
  35  3:39  Supply Depot  
  36  3:42  Stimpack  
  36  3:43  SCV  
  36  3:44  SCV  
  38  3:49  Marine x2  
  38  3:53  Marine  
  41  3:55  SCV  
  41  3:56  SCV  
  41  4:02  Supply Depot  
  43  4:03  Marine x2  
  43  4:04  Factory  
  43  4:06  Marine  
  43  4:07  Marine  
  43  4:08  SCV x2  
  49  4:13  Marine, Supply Depot  
  50  4:20  SCV x2  
  50  4:21  Marine  
  53  4:28  Marine x3  
  53  4:29  Supply Depot  
  53  4:30  Marine  
  53  4:31  Terran Infantry Weapons Level 1  
  57  4:32  SCV  
  57  4:33  SCV  
  59  4:44  Refinery  
  59  4:46  Refinery  
  59  4:48  Missile Turret  
  59  4:50  Starport  
  59  4:51  Factory Reactor  
  59  4:52  Marine x2  
  59  4:53  Marine x2  
  59  4:58  SCV x2  
  65  5:00  Missile Turret  
  65  5:02  Missile Turret  
  65  5:05  Missile Turret  
  65  5:10  SCV x2  
  67  5:22  SCV  
  67  5:26  SCV  
  69  5:28  Command Center  
  69  5:34  Medivac x2  
  69  5:35  SCV  
  74  5:38  Marine x2  
  74  5:40  SCV  
  77  5:51  Marine  
  77  5:53  Factory Reactor  
  77  5:56  Supply Depot  
  78  6:01  Liberator, Supply Depot  
  78  6:03  Starport  
  78  6:07  Marine  
  78  6:11  Liberator  
  78  6:14  Combat Shields  
  78  6:18  Marine, SCV x2  
  84  6:21  Supply Depot  
  84  6:24  Supply Depot  
  84  6:25  Terran Infantry Armor Level 1  
  87  6:35  Marine x2  
  87  6:36  Marine x2  
  87  6:39  Starport Reactor  
  91  6:42  Supply Depot  
  91  6:46  Liberator  
  91  6:53  Missile Turret  
  91  6:54  Liberator  
  91  6:55  Marine  
  91  6:56  Marine x4  
  99  7:09  Engineering Bay  
  102  7:18  Planetary Fortress, Liberator  
  102  7:21  SCV x2  
  102  7:22  Refinery  
  104  7:23  Refinery  
  104  7:33  SCV  
  104  7:37  Marine x5  
  113  7:54  Marine  
  113  7:55  Marine x3  
  113  7:57  Liberator  
  113  7:58  Liberator  
  109  8:09  Liberator  
  109  8:10  Liberator  
  109  8:12  Marine x2  
  107  8:13  Marine x3  
  119  8:30  Marine x2  
  119  8:31  Marine x3  
  127  8:37  Missile Turret  
  127  8:40  Missile Turret, SCV x3  
  130  8:52  Armory, Marine x3  
  133  8:57  Supply Depot  
  133  9:19  Marine x4, SCV x2, Medivac  
  133  9:21  Supply Depot  
  133  9:23  Supply Depot  
  141  9:26  Widow Mine, Marine, SCV, Medivac  
  147  9:44  Marine  
  142  9:47  Liberator x4  
  142  10:05  Marine x5  
  158  10:22  Command Center  
  158  10:23  Marine x5  
  163  10:31  Barracks x2  
  163  10:32  Barracks  
  163  10:33  Barracks  
  163  10:35  Barracks  
  163  10:37  Widow Mine, Barracks  
  165  10:46  Widow Mine, Marine x5  
  172  10:51  Supply Depot x2  
  172  11:04  Marine  
  173  11:12  Marine  
Show
View Real Time Build Order
Export as new Build Order

IlBirraioOo Zerg - Winner!

Build Orders: Hatch First 

Get SALT Encoding   

  12  0:01  Drone  
  13  0:13  Overlord  
  13  0:18  Drone  
  14  0:33  Drone x2  
  16  0:40  Drone  
  17  0:59  Drone  
  17  1:00  Hatchery  
  17  1:01  Drone  
  18  1:16  Spawning Pool  
  17  1:21  Extractor  
  17  1:22  Drone x2  
  18  1:30  Drone  
  19  1:41  Drone  
  20  1:52  Drone  
  21  2:04  Overlord  
  21  2:18  Drone  
  22  2:23  Hatchery  
  22  2:24  Drone x3, Metabolic Boost  
  24  2:33  Queen  
  24  2:35  Queen  
  28  2:38  Drone  
  29  2:52  Drone x3, Extractor  
  31  3:02  Roach Warren  
  31  3:04  Drone  
  31  3:06  Zergling x2, Evolution Chamber  
  31  3:22  Drone x4  
  35  3:29  Overlord  
  35  3:34  Queen  
  35  3:36  Zerg Missile Weapons Level 1  
  37  3:46  Roach x2  
  37  3:48  Roach  
  43  3:50  Roach  
  45  3:56  Spore Crawler  
  45  3:57  Drone  
  45  4:00  Spore Crawler  
  44  4:09  Roach  
  48  4:10  Drone, Roach  
  48  4:11  Drone  
  50  4:33  Overlord x2  
  50  4:34  Overlord x2  
  50  4:42  Spore Crawler  
  50  4:43  Spore Crawler  
  48  4:49  Spore Crawler  
  48  4:51  Spore Crawler x2  
  45  4:53  Spore Crawler  
  45  4:56  Drone  
  45  5:00  Zergling x4  
  45  5:04  Drone  
  45  5:05  Drone  
  49  5:13  Drone x3  
  52  5:19  Drone x2  
  54  5:23  Roach  
  56  5:32  Spore Crawler  
  56  5:33  Spore Crawler  
  56  5:34  Spore Crawler  
  53  5:43  Drone x4  
  57  5:59  Drone x7  
  64  6:05  Lair  
  64  6:10  Drone x3  
  67  6:15  Drone  
  67  6:16  Drone x2  
  70  6:24  Extractor  
  69  6:25  Extractor  
  68  6:55  Roach x7  
  68  6:56  Overlord  
  68  6:57  Overlord x4  
  78  7:40  Hydralisk Den  
  67  8:15  Hydralisk x7  
  67  8:16  Hydralisk x12  
  105  8:46  Hydralisk  
  105  8:47  Hydralisk x2  
  112  8:48  Zergling x2  
  112  8:49  Zergling x4  
  112  8:50  Overlord x2  
  112  8:51  Overlord  
  114  9:18  Zergling x2  
  114  9:19  Zergling x16  
  76  9:43  Hydralisk  
  76  9:44  Hydralisk x7  
  67  10:01  Hydralisk x3  
  69  10:08  Zergling x2  
  69  10:09  Zergling x8  
  69  10:12  Queen  
  77  10:21  Zergling x2  
  77  10:22  Zergling x4  
  79  10:29  Drone x5  
  84  10:40  Hydralisk  
  84  10:41  Hydralisk x2  
  90  10:44  Extractor  
  90  10:45  Hatchery  
  88  10:50  Extractor  
  87  11:01  Extractor, Drone x4  
  87  11:02  Drone x5  
Show
View Real Time Build Order
Export as new Build Order

Jhyrachy Zerg - Winner!

Build Orders: Pool First 

Get SALT Encoding   

  12  0:02  Drone  
  13  0:12  Drone  
  14  0:18  Overlord  
  14  0:38  Drone x3  
  17  0:48  Spawning Pool  
  16  0:50  Drone  
  16  0:52  Extractor  
  16  1:02  Drone  
  17  1:14  Drone  
  18  1:28  Drone  
  19  1:37  Overlord  
  19  1:44  Queen  
  21  1:48  Hatchery  
  21  1:50  Drone  
  21  1:56  Metabolic Boost  
  21  2:06  Evolution Chamber  
  21  2:07  Zergling x4  
  22  2:21  Zergling x2  
  24  2:30  Zergling x2  
  24  2:38  Zergling x2  
  25  2:54  Zergling x2  
  25  2:58  Zerg Melee Weapons Level 1  
  26  3:11  Queen  
  28  3:13  Drone  
  28  3:14  Drone x4  
  33  3:22  Overlord  
  33  3:38  Zergling x2  
  33  3:39  Zergling x4  
  33  3:40  Overlord  
  33  5:06  Lair  
  31  5:10  Spore Crawler x2  
  31  5:14  Spore Crawler  
  26  5:18  Spore Crawler  
  26  5:19  Spore Crawler x2  
  23  5:26  Drone x2  
  23  5:27  Drone x2, Extractor  
  23  5:28  Drone x3  
  29  5:30  Drone x3  
  29  5:31  Drone x5  
  37  5:42  Extractor  
  36  5:50  Overlord  
  36  5:51  Overlord  
  36  5:58  Overlord x2  
  36  6:13  Extractor  
  35  6:19  Zerg Missile Weapons Level 1  
  35  6:20  Hydralisk Den  
  34  6:32  Pneumatized Carapace  
  34  6:34  Overlord  
  34  6:37  Drone x6  
  34  6:38  Drone x4  
  44  7:12  Muscular Augments  
  44  7:20  Hydralisk x5  
  44  7:21  Hydralisk x5  
  64  7:38  Hydralisk x2  
  68  8:01  Hydralisk  
  68  8:02  Hydralisk x3  
  76  8:20  Overlord x2  
  68  8:27  Spore Crawler  
  68  8:31  Spore Crawler  
  50  8:45  Queen  
  50  8:47  Hydralisk  
  50  8:48  Hydralisk x11  
  74  11:08  Hydralisk x9  
  92  11:13  Overlord x2  
  92  11:14  Overlord  
Show
View Real Time Build Order
Export as new Build Order

Corw Zerg 

Build Orders: Hatch First, Muta Ling Bane 

Get SALT Encoding   

  12  0:01  Drone  
  13  0:15  Overlord  
  13  0:21  Drone  
  14  0:33  Drone x2  
  16  0:38  Drone  
  17  0:56  Hatchery, Drone  
  17  1:01  Drone  
  18  1:14  Extractor  
  18  1:16  Spawning Pool  
  16  1:22  Drone  
  16  1:25  Drone  
  18  1:31  Drone  
  19  1:45  Overlord  
  19  2:03  Queen  
  19  2:04  Drone  
  19  2:05  Drone  
  19  2:08  Queen  
  23  2:09  Zergling x2  
  23  2:14  Drone  
  27  2:20  Overlord  
  27  2:29  Drone  
  28  2:32  Overlord  
  28  2:42  Drone x2  
  30  2:44  Lair  
  30  2:49  Drone  
  31  2:52  Drone  
  31  2:56  Drone  
  33  3:02  Drone  
  34  3:07  Drone  
  35  3:13  Drone x3  
  35  3:19  Drone  
  40  3:20  Drone x2  
  40  3:21  Drone  
  40  3:22  Extractor  
  40  3:23  Extractor, Overlord  
  40  3:25  Extractor  
  39  3:33  Drone  
  40  3:45  Drone  
  40  3:46  Drone, Spire  
  41  3:48  Drone  
  41  3:53  Drone x4  
  46  3:56  Metabolic Boost  
  46  4:00  Drone x2  
  48  4:03  Drone  
  48  4:09  Zergling x2  
  50  4:14  Zergling x2  
  51  4:19  Zergling x2  
  52  4:24  Overlord x2  
  52  4:40  Overlord x4  
  52  4:59  Mutalisk  
  52  5:00  Mutalisk x6  
  52  5:02  Hatchery  
  65  5:08  Drone x2  
  67  5:16  Drone x3  
  67  5:17  Drone  
  67  5:18  Zerg Flyer Weapons Level 1  
  71  5:30  Zergling x8  
  71  5:31  Zergling x2  
  71  5:33  Drone  
  77  5:36  Extractor  
  77  5:37  Extractor  
  77  5:40  Mutalisk  
  77  5:45  Mutalisk  
  79  5:56  Mutalisk x3  
  85  6:12  Overlord x2  
  85  6:13  Overlord  
  85  6:14  Drone x3  
  88  6:20  Baneling Nest  
  88  6:22  Queen  
  88  6:24  Mutalisk x2  
  93  6:39  Overlord x2  
  93  6:42  Hatchery, Drone x3, Evolution Chamber x2  
  93  6:44  Drone  
  93  6:46  Drone  
  95  6:48  Mutalisk x2  
  97  7:13  Zerg Flyer Armor Level 1  
  96  7:31  Zergling x2  
  96  7:32  Zergling x18  
  96  7:33  Centrifical Hooks  
  105  7:41  Zerg Ground Armor Level 1, Zerg Melee Weapons Level 1  
  105  7:44  Drone x3  
  106  8:14  Mutalisk  
  106  8:15  Mutalisk x9  
  102  8:36  Zergling x2  
  102  8:37  Zergling x14  
  110  8:46  Mutalisk  
  109  8:51  Hatchery  
  108  8:58  Baneling x3  
  108  8:59  Baneling x13  
  108  9:00  Zergling x4  
  108  9:01  Zergling x6  
  113  9:06  Mutalisk, Zerg Flyer Weapons Level 2  
  116  9:17  Zergling x10  
  116  9:18  Zergling x6  
  114  9:43  Zergling x14  
  114  9:44  Zergling x4  
  75  9:55  Zergling x4  
  75  9:56  Zergling x2  
  72  10:05  Baneling  
  72  10:06  Baneling x7  
  72  10:08  Zergling x8  
  72  10:10  Baneling x5  
  75  10:18  Drone  
  75  10:19  Drone  
  77  10:25  Zergling x6  
  77  10:26  Zergling x4  
  77  10:28  Baneling x3  
  82  10:29  Baneling x5  
  82  10:42  Zergling x18  
  86  10:52  Zergling x4  
  86  11:03  Zergling x12  
Show
View Real Time Build Order
Export as new Build Order

AgentWhite Protoss 

Build Orders:  

Get SALT Encoding   

  12  0:02  Probe (Chrono Boost)  
  13  0:13  Probe (Chrono Boost)  
  14  0:19  Pylon  
  14  0:23  Probe (Chrono Boost)  
  15  0:37  Probe (Chrono Boost)  
  15  0:39  Gateway  
  16  0:43  Assimilator  
  16  0:47  Probe (Chrono Boost)  
  17  0:58  Probe (Chrono Boost)  
  18  1:09  Probe (Chrono Boost)  
  19  1:19  Probe (Chrono Boost)  
  19  1:20  Gateway  
  20  1:26  Cybernetics Core  
  20  1:45  Probe (Chrono Boost), Pylon  
  21  2:06  Gateway  
  21  2:10  Gateway  
  21  2:29  Zealot x2  
  25  2:31  Warp Gate (Chrono Boost)  
  25  2:40  Nexus  
  25  3:06  Pylon, Stalker x3  
  31  3:21  Assimilator  
  31  3:24  Probe, Stalker  
  34  3:58  Probe  
  34  3:59  Probe  
  36  4:24  Forge  
  36  4:25  Pylon  
  36  4:32  Stalker x2  
  36  4:33  Stalker x2  
  44  4:51  Probe  
  44  4:52  Probe  
  44  5:01  Probe  
  44  5:02  Stalker x4  
  44  5:04  Probe  
  52  5:16  Probe  
  53  5:29  Pylon  
  53  5:31  Probe, Pylon  
  53  5:33  Probe  
  55  5:38  Assimilator  
  55  5:41  Assimilator  
  55  5:57  Photon Cannon  
  55  5:59  Pylon  
  55  6:02  Sentry  
  55  6:03  Sentry x3  
  63  6:22  Gateway  
  63  6:24  Gateway  
  63  6:25  Gateway  
  63  6:28  Protoss Ground Weapons Level 1 (Chrono Boost)  
  63  6:41  Probe  
  63  6:43  Probe  
  63  6:45  Robotics Facility  
  65  6:55  Probe  
  66  7:05  Pylon  
  66  7:26  Stalker  
  66  7:27  Stalker x3  
  66  7:28  Stalker  
  32  8:22  Stalker x3  
  32  8:23  Zealot  
  32  8:24  Zealot x3  
  46  8:28  Immortal  
  50  8:42  Robotics Bay  
  50  8:48  Robotics Facility  
  50  8:51  Zealot x4  
  58  9:07  Twilight Council  
  56  9:34  Stalker  
  56  9:35  Stalker x3  
  56  9:36  Stalker  
  46  10:02  Stalker x2  
  46  10:03  Stalker  
  24  10:35  Stalker  
  26  10:51  Sentry  
  26  10:52  Sentry  
  30  11:08  Nexus  
Show
View Real Time Build Order
Export as new Build Order

prolike Zerg 

Build Orders: Pool First 

Get SALT Encoding   

  12  0:02  Drone  
  13  0:25  Spawning Pool  
  13  0:26  Drone  
  13  0:30  Drone  
  14  0:39  Overlord  
  14  0:44  Extractor  
  14  0:47  Drone  
  14  1:03  Drone x2  
  16  1:15  Drone  
  16  1:18  Queen  
  19  1:38  Zergling x4  
  21  2:02  Zergling x2  
  22  2:17  Overlord x3  
  22  2:46  Hatchery  
  22  2:50  Drone x3  
  24  2:53  Metabolic Boost  
  24  2:55  Lair  
  24  3:07  Zergling x2  
  25  3:55  Spire  
  24  4:05  Drone  
  25  4:20  Zergling x2  
  25  4:21  Zergling x12  
  25  4:22  Zergling x2  
  32  5:15  Drone x3  
  35  5:29  Mutalisk x3  
  41  5:36  Extractor  
  40  5:43  Drone  
  40  5:44  Drone  
  40  5:45  Queen  
  44  5:55  Extractor  
  44  5:56  Extractor  
  42  6:10  Overlord x2  
  42  6:11  Overlord x4  
  42  6:34  Drone x3  
  42  6:38  Drone x2  
  47  6:43  Zerg Flyer Weapons Level 1  
  47  6:45  Mutalisk  
  49  6:51  Mutalisk  
  51  7:15  Mutalisk x2  
  55  7:23  Mutalisk  
  57  7:31  Mutalisk  
  35  8:16  Mutalisk  
  35  8:17  Mutalisk x2  
  41  8:21  Mutalisk x2  
  45  8:37  Zerg Flyer Armor Level 1  
  45  8:55  Mutalisk x2  
  45  8:56  Mutalisk  
  51  9:14  Drone, Baneling Nest  
  51  9:15  Drone x2  
  53  9:19  Mutalisk x3  
  37  10:02  Mutalisk x2  
  37  10:03  Mutalisk  
  43  10:26  Mutalisk  
  43  10:27  Mutalisk x3  
  51  10:32  Mutalisk  
  53  10:49  Mutalisk x2  
Tags
 
Add a new tag
Caveats
  • Supply blocks, unpowered buildings, or Contaminate may cause inaccurate times.
  • Supply counts are checked every 10 seconds.